Map: Frozen Temple

Players

LiquidTLO (TLO)

  • Race: Zerg Zerg
  • League: Grandmaster

Kas - Winner!

  • Race: Terran Terran
  • League: Grandmaster

VOD

Have the link to the VOD?

Description

Time

  • Played on: July 3, 2016, 12:51 p.m.
  • Length: 6:38
Show
View Real Time Build Order
Export as new Build Order

LiquidTLO Zerg 

Build Orders: Hatch First 

Get SALT Encoding   

  12  0:00  Drone  
  13  0:12  Overlord  
  13  0:17  Drone  
  14  0:32  Drone x2  
  16  0:38  Drone  
  17  0:53  Hatchery  
  17  0:55  Drone  
  17  0:58  Extractor  
  17  0:59  Drone  
  17  1:14  Spawning Pool  
  17  1:16  Drone  
  17  1:21  Drone  
  18  1:28  Drone  
  19  1:45  Overlord  
  19  2:00  Queen  
  22  2:01  Zergling x2  
  22  2:02  Metabolic Boost  
  22  2:04  Queen  
  22  2:07  Drone  
  25  2:11  Drone  
  25  2:14  Zergling x2  
  27  2:16  Drone  
  27  2:21  Drone  
  29  2:26  Drone  
  30  2:32  Drone  
  31  2:41  Queen  
  33  2:47  Hatchery  
  33  2:50  Drone  
  33  2:59  Overlord  
  33  3:01  Drone  
  33  3:05  Drone  
  35  3:09  Evolution Chamber  
  35  3:10  Zergling x2  
  35  3:11  Zergling x2  
  35  3:17  Drone  
  35  3:19  Drone  
  37  3:22  Drone  
  37  3:25  Drone x2, Evolution Chamber  
  37  3:26  Drone  
  40  3:28  Extractor  
  40  3:31  Drone  
  40  3:35  Zerg Melee Weapons Level 1  
  40  3:40  Drone  
  41  3:41  Drone  
  41  3:44  Overlord  
  41  3:45  Drone  
  43  3:58  Overlord  
  43  4:01  Overlord  
  43  4:04  Overlord  
  43  4:06  Overlord  
  43  4:08  Overlord  
  43  4:09  Zergling x2  
  44  4:10  Zergling x2  
  44  4:14  Overlord  
  45  4:17  Zergling x4  
  45  4:20  Drone  
  48  4:26  Zergling x2  
  48  4:28  Zerg Ground Armor Level 1  
  50  4:31  Drone  
  50  4:34  Baneling Nest, Zergling x2  
  50  4:37  Zergling x2  
  51  4:39  Drone  
  51  4:40  Drone  
  51  4:42  Drone  
  51  4:44  Drone  
  55  4:46  Zergling x2  
  55  4:48  Drone  
  55  4:50  Zergling x2  
  55  4:51  Zergling x2  
  59  4:54  Drone  
  59  4:55  Drone  
  59  4:57  Drone  
  62  5:01  Lair  
  62  5:04  Zergling x2  
  62  5:05  Zergling x2  
  64  5:07  Drone  
  64  5:11  Zergling x4  
  64  5:12  Zergling x2  
  64  5:13  Zergling x2  
  69  5:21  Zergling x6  
  63  5:22  Zergling x2  
  63  5:25  Zergling x2  
  63  5:27  Queen  
  70  5:28  Zergling x4  
  70  5:31  Zergling x2  
  70  5:33  Zergling x2  
  70  5:34  Zergling x2  
  74  5:39  Zergling x6  
  74  5:40  Zergling x2  
  74  5:41  Zergling x2  
  71  5:46  Zergling x2  
  71  5:48  Zergling x2  
  70  5:59  Zergling x2  
  70  6:02  Zergling x6, Queen  
  70  6:03  Zergling x2  
  70  6:04  Zergling x4  
  75  6:10  Baneling x3  
  75  6:11  Baneling x2  
  74  6:13  Baneling  
  74  6:14  Baneling x7  
  74  6:15  Zergling x2  
  74  6:17  Zergling x2, Baneling  
  74  6:19  Zergling x2  
Show
View Real Time Build Order
Export as new Build Order

Kas Terran - Winner!

Build Orders: MMM Bio 

Get SALT Encoding   

  12  0:00  SCV  
  13  0:12  SCV  
  14  0:17  Supply Depot  
  14  0:24  SCV  
  15  0:38  SCV  
  15  0:40  Barracks  
  16  0:44  Refinery  
  16  0:51  SCV  
  17  1:03  SCV  
  18  1:15  SCV  
  19  1:27  Barracks Reactor, Orbital Command  
  19  1:38  Command Center  
  19  1:46  Supply Depot  
  19  1:53  SCV  
  20  2:03  Barracks  
  20  2:05  SCV  
  21  2:08  Marine  
  21  2:09  Marine  
  23  2:17  SCV  
  24  2:25  Factory  
  24  2:26  Marine  
  24  2:27  Marine  
  24  2:29  SCV  
  27  2:35  Refinery  
  27  2:41  SCV  
  28  2:44  Marine x2  
  30  2:51  Orbital Command  
  30  2:54  SCV  
  30  2:55  Barracks Tech Lab  
  31  3:02  Marine x2  
  33  3:06  SCV  
  34  3:13  Marine, Stimpack  
  34  3:17  SCV  
  34  3:18  SCV  
  37  3:22  Marine  
  37  3:23  Marine  
  39  3:27  Starport  
  39  3:30  Factory Reactor  
  39  3:32  SCV  
  39  3:33  SCV  
  41  3:35  Marine  
  41  3:39  Supply Depot  
  42  3:44  SCV  
  42  3:45  Marine x2  
  45  3:50  SCV  
  46  3:58  Supply Depot  
  46  4:01  Marine, SCV  
  46  4:02  Bunker  
  48  4:03  Marine x2  
  48  4:09  SCV  
  51  4:14  Medivac  
  53  4:19  Marine, Medivac, SCV  
  53  4:21  Marine  
  53  4:22  Supply Depot  
  58  4:27  Marine, SCV, Liberator  
  60  4:32  SCV  
  60  4:38  Marine  
  62  4:39  Factory Tech Lab  
  62  4:44  Supply Depot, Marine, SCV  
  62  4:45  Marine  
  67  4:46  Supply Depot  
  67  4:49  SCV  
  69  4:55  Marine  
  69  4:56  Refinery  
  69  4:59  Engineering Bay  
  70  5:01  Engineering Bay  
  70  5:05  Marine, Siege Tank, SCV  
  70  5:06  Marine  
  76  5:14  Combat Shields  
  76  5:15  SCV  
  77  5:23  Marine  
  77  5:24  Marine  
  77  5:25  Marine  
  77  5:26  SCV  
  78  5:34  SCV  
  79  5:38  Command Center, SCV  
  79  5:41  Marine  
  79  5:42  Marine  
  77  5:43  Marine  
  79  5:59  Marine  
  79  6:00  Marine  
  79  6:01  Marine, SCV  
  79  6:02  Barracks  
  79  6:04  Supply Depot  
  83  6:05  Supply Depot  
  83  6:16  Marine  
  83  6:18  Marine x2, Barracks x2  
  89  6:34  Supply Depot x2  
Tags
 
Composition
MMM Bio
Matchup
TvZ
Player
KasTLO
Replay Pack
tloreplays
Add a new tag
Caveats
  • Supply blocks, unpowered buildings, or Contaminate may cause inaccurate times.
  • Supply counts are checked every 10 seconds.